AoeStats
← LM | TornardoBriese

Arabia

509672857Analyzed
1v1 RM · 4d ago on Sep 27, 2026· 40m 37s· 2 players
Game mode
Random Map
Map size
Tiny (2 player)
Population
200
Speed
Normal
Resources
Standard
Victory
Conquest
Starting age
Dark Age
Ending age
Imperial Age
RankedLock teamsTeams togetherTeam positionsShared explorationLock speedFull tech treeHidden civsTurbo modeCheats
Victory
Defeat
🇨🇭 Cumans · Switzerland
1165
+15
🇫🇷 Ethiopians · France
1151
-15
Guizz
6:41 Loom
9:04 Feudal Age
10:24 Double-Bit Axe
14:14 Horse Collar
17:43 Wheelbarrow
19:35 Castle Age
18:35 Fletching
20:05 Padded Archer Armor
20:35 Crossbowman
21:20 Thumb Ring
22:06 Husbandry
22:12 Bodkin Arrow
23:51 Scale Barding Armor
29:00 Gold Mining
34:26 Bow Saw
36:55 Imperial Age
35:44 Leather Archer Armor
35:50 Chain Barding Armor
37:03 Gold Shaft Mining
40:55 Chemistry
40:57 Hand Cart
LM | TornardoBriese
3:12 Loom
9:18 Feudal Age
10:00 Double-Bit Axe
10:52 Horse Collar
18:51 Wheelbarrow
21:19 Castle Age
19:43 Gold Mining
20:17 Scale Barding Armor
20:43 Bloodlines
21:30 Forging
23:04 Chain Barding Armor
24:59 Bow Saw
25:56 Fletching
26:06 Padded Archer Armor
26:50 Heavy Plow
27:19 Bodkin Arrow
27:40 Leather Archer Armor
34:30 Ballistics
34:58 Hand Cart
37:17 Imperial Age
37:56 Cavalier
39:47 Plate Barding Armor
Connection lost

Rejoining the realm…

Still unreachable

The connection could not be restored.

Session expired

The server has moved on; the page needs a fresh start.